 Dungeon Crawl Stone Soup version 0.27-a0-1434-g6f15984924 (webtiles) character file.

Game seed: 5387752172662521369

37 Sobieck the Chiller (level 3, -1/25 HPs)
             Began as a Gnoll Ice Elementalist on July 3, 2021.
             Slain by an orc priest (8 damage)
             ... on level 2 of the Dungeon.
             The game lasted 00:02:02 (951 turns).

Sobieck the Chiller (Gnoll Ice Elementalist)         Turns: 951, Time: 00:02:03

Health: -1/25      AC:  2    Str:  7    XL:     3   Next: 39%
Magic:  3/9        EV: 13    Int: 15    God:
Gold:   35         SH:  0    Dex: 12    Spells: 5/12 levels left

rFire    . . .     SeeInvis .   b - +0 dagger {short}
rCold    . . .     Faith    .   (no shield)
rNeg     . . .     Spirit   .   a - +0 robe
rPois    .         Reflect  .   (no helmet)
rElec    .         Harm     .   (no cloak)
rCorr    .         Rampage  .   (no gloves)
Will     .....                  (no boots)
Stlth    ++........             (no amulet)
HPRegen  0.08/turn              (no ring)
MPRegen  0.11/turn              (no ring)

@: freezing walls
A: fangs 1, strong nose, distributed training
a: no special abilities


You were on level 2 of the Dungeon.
You visited 1 branch of the dungeon, and saw 3 of its levels.

You collected 35 gold pieces.


Innate Abilities, Weirdness & Mutations

You have very sharp teeth.
Your uncanny sense of smell can sniff out nearby items.
Your experience applies equally to all skills.


   Skills:
 + Level 0.7 Fighting
 + Level 0.7 Short Blades
 + Level 0.7 Long Blades
 + Level 0.7 Axes
 + Level 0.7 Maces & Flails
 + Level 0.7 Polearms
 + Level 0.7 Staves
 + Level 0.7 Slings
 + Level 0.7 Bows
 + Level 0.7 Crossbows
 + Level 0.7 Throwing
 + Level 0.7 Armour
 + Level 4.5 Dodging
 + Level 4.1 Stealth
 + Level 0.7 Shields
 + Level 0.7 Unarmed Combat
 + Level 5.0 Spellcasting
 + Level 0.5 Conjurations
 + Level 0.5 Hexes
 + Level 0.5 Summonings
 + Level 0.5 Necromancy
 + Level 0.5 Translocations
 + Level 0.5 Transmutations
 + Level 0.5 Fire Magic
 + Level 7.1 Ice Magic
 + Level 0.5 Air Magic
 + Level 0.5 Earth Magic
 + Level 0.5 Poison Magic
 + Level 0.9 Invocations
 + Level 0.7 Evocations


You had 5 spell levels left.
You knew the following spells:

 Your Spells              Type           Power      Damage    Failure   Level
a - Freeze                Ice            100%       1d11      1%          1
b - Frozen Ramparts       Ice            50%        1d7       2%          3
c - Ozocubu's Armour      Ice            25%        N/A       2%          3

Your spell library contained the following spells:

 Spells                   Type           Power      Damage    Failure   Level
 Hailstorm                Conj/Ice       15%        3d5       34%         4
 Dazzling Flash           Conj/Hex       10%        N/A       36%         3
 Iskenderun's Mystic Bla  Conj/Tloc      5%         2d3       78%         4
 Starburst                Conj/Fire      2%         8x6d3     100%        6

Inventory:

Hand Weapons
 b - a +0 dagger (weapon) {short}
   (You took it off a goblin on level 1 of the Dungeon)
Missiles
 c - 47 bolts
 d - 11 stones {throwing}
Armour
 a - a +0 robe (worn)
Scrolls
 e - a scroll of holy word {unknown}

Dungeon Overview and Level Annotations

Branches:
Dungeon (3/15)

Altars:

###########
#........@#
#........o#
#.........#
#.........#
#.........#
#.......<.#
#.$.............∆
#.........######
#.........#


You could see an orc priest.


Message History

You lost 1 mp, and now have 7/9 mp.
You open the door.
A frilled lizard comes into view. 😎 HP[+2] MP[+2]
Your hp is fully restored (25).
Your mp is fully restored (9).
The frilled lizard hisses angrily.
The frilled lizard misses you.
You freeze the frilled lizard.
You kill the frilled lizard! 😎 MP[-1]
You lost 1 mp, and now have 8/9 mp.
You can't see any susceptible monsters within range! (Use Z to cast anyway.)
e - a scroll labelled BUSUISYTRU 😎 MP[+1]
Your mp is fully restored (9).
You open the door.
There is an open door here.
You now have 35 gold pieces (gained 12).
You open the door.
There is an open door here.
You see here a +0 ring mail.
There is an open door here.
There is an open door here.
You open the door.
An endoplasm comes into view.
There is an open door here.
The helpless endoplasm fails to defend itself.
You puncture the endoplasm!
You kill the endoplasm!
(D) Dungeon
Where to? (Enter - D:2, ? - help)
There is an open door here.
You open the door.
There is an open door here.
There is a faded altar of an unknown god here.
There is a stone staircase leading down here.
You climb downwards.
A ball python and a worm come into view.
Found 11 gold pieces.
Found a stone staircase leading down.
There is a stone staircase leading up here.
You freeze the worm! 😎 MP[-1]
You lost 1 mp, and now have 8/9 mp.
You freeze the worm! The worm bites you. 😕 HP[-1] MP[-1]
You take 1 damage, and now have 24/25 hp.
You lost 1 mp, and now have 7/9 mp.
You freeze the worm.
You kill the worm! 😕 MP[-1]
You lost 1 mp, and now have 6/9 mp.
The helpless ball python fails to defend itself.
You puncture the ball python!
You kill the ball python!
(D) Dungeon
Where to? (Enter - D:2, ? - help)
There is a stone staircase leading down here.
You climb downwards. 3 orcs and an orc priest come into view.
There is a stone staircase leading up here. 😎 HP[+1] MP[+1]
Your hp is fully restored (25).
The orc shouts! x3; The orc priest shouts!
The orc priest calls down the wrath of Beogh upon you.
Beogh smites you! 😮 HP[-12]
You take 12 damage, and now have 13/25 hp.
MASSIVE DAMAGE!! (PAUSE)
There is a stone staircase leading up here.
The orc priest hits you with a +0 falchion.
* * * LOW HITPOINT WARNING * * *
You climb upwards.
There is a stone staircase leading down here. 😨 HP[-6]
You take 6 damage, and now have 7/25 hp.
MASSIVE DAMAGE!! (PAUSE)
Casting: Freeze (safe; 1% risk of failure)
Confirm with . or Enter, or press ? or * to list all spells.
Aiming: Freeze (safe; 1% risk of failure)
Press: ? - help, Shift-Dir - straight line, f - orc priest
Aim: an orc priest, wielding a +0 falchion You freeze the orc priest.
The orc priest closely misses you.
Casting: Freeze (safe; 1% risk of failure)
Confirm with . or Enter, or press ? or * to list all spells.
Aiming: Freeze (safe; 1% risk of failure)
Press: ? - help, Shift-Dir - straight line, f/p - orc priest
Aim: an orc priest, wielding a +0 falchion (lightly wounded)
You freeze the orc priest.
The orc priest hits you but does no damage. 😨 MP[-1]
You lost 1 mp, and now have 6/9 mp.
Casting: Freeze (safe; 1% risk of failure)
Confirm with . or Enter, or press ? or * to list all spells.
Casting: Frozen Ramparts (dangerous; 2% risk of failure)
Press: ? - help, Dir - look around, f - activate A stone staircase leading down.
The walls around you are covered in ice.
The wall freezes the orc priest.
The orc priest hits you with a +0 falchion!
You die...

Skill      XL: |  1  2 |
---------------+-------+-----
Spellcasting   | 5 |  5.0
Fighting       | |  0.7
Short Blades   | |  0.7
Long Blades    | |  0.7
Axes           | |  0.7
Maces & Flails | |  0.7
Polearms       | |  0.7
Staves         | |  0.7
Slings         | |  0.7
Bows           | |  0.7
Crossbows      | |  0.7
Throwing       | |  0.7
Armour         | |  0.7
Dodging        | |  4.5
Stealth        | |  4.1
Shields        | |  0.7
Unarmed Combat | |  0.7
Conjurations   | |  0.5
Hexes          | |  0.5
Summonings     | |  0.5
Necromancy     | |  0.5
Translocations | |  0.5
Transmutations | |  0.5
Fire Magic     | |  0.5
Ice Magic      | |  7.1
Air Magic      | |  0.5
Earth Magic    | |  0.5
Poison Magic   | |  0.5
Invocations    | |  0.9
Evocations     | |  0.7

Action                   || total
-------------------------++-------
Melee: Dagger            ||     7
       Bite              ||     3
 Cast: Freeze            ||    37
       Frozen Ramparts   ||     1
 Stab: Sleeping          ||     3
Armor: Robe              ||     1
Dodge: Dodged            ||    25

Levels and vault maps discovered:
D:1:      ncdulo_lavacross, layout_basic, ebering_ecumenical_altar_hall
D:2:      layout_rooms, mrwooster_statue_mirror, minmay_circle_x
D:3:      layout_rooms, lexackson_kobold_supper

Notes
Turn   | Place    | Note
-------+----------+-------------------------------------------
     0 | D:1      | Sobieck the Gnoll Ice Elementalist began the quest for the
                  | Orb.
     0 | D:1      | Reached XP level 1. HP: 13/13 MP: 6/6
     0 | D:1      | magus.rc [v1.9.6]
    81 | D:1      | You pick up a book of Spectacle and begin reading...
    81 | D:1      | You add the spells Dazzling Flash, Iskenderun's Mystic
                  | Blast and Starburst to your library.
    89 | D:1      | Found a faded altar of an unknown god.
   166 | D:1      | Reached XP level 2. HP: 19/19 MP: 5/7
   531 | D:1      | Reached skill level 5 in Spellcasting
   531 | D:1      | Reached XP level 3. HP: 25/25 MP: 6/9
   535 | D:1      | Learned a level 3 spell: Frozen Ramparts
   539 | D:1      | Learned a level 3 spell: Ozocubu's Armour
   951 | D:2      | Slain by an orc priest

Vanquished Creatures
  A worm (D:2)
  3 dart slugs (D:1)
  5 ball pythons
  3 bats (D:1)
  2 endoplasms (D:1)
  2 giant cockroaches (D:1)
  2 goblins (D:1)
  A hobgoblin (D:1)
  2 quokkas (D:1)
  2 frilled lizards (D:1)
  2 kobolds (D:1)
  A rat (D:1)
26 creatures vanquished.

Table legend:
 A = Non-vault XP
 B = Vault XP
 C = Vault XP percentage of total XP
 D = Non-vault monster count
 E = Vault monster count
 F = Vault count percentage of total count
                 A         B        C        D         E       F
            +---------+---------+-------+---------+---------+-------
      Total |      53 |       0 |   0.0 |      26 |       0 |   0.0
            +---------+---------+-------+---------+---------+-------
        D:1 |      47 |       0 |   0.0 |      24 |       0 |   0.0
        D:2 |       6 |       0 |   0.0 |       2 |       0 |   0.0
            +---------+---------+-------+---------+---------+-------

Illustrated notes

Table legend:
 A = Kills in this place as a percentage of kills in entire the game.
 B = Kills by you in this place as a percentage of kills by you in the entire game.
 C = Kills by friends in this place as a percentage of kills by friends in the entire game.
 D = Other kills in this place as a percentage of other kills in the entire game.
 E = Experience gained in this place as a percentage of experience gained in the entire game.
 F = Experience gained in this place divided by the number of levels of this place that you have seen.
                   A       B       C       D       E      F
               +-------+-------+-------+-------+-------+----------------------
         Total | 100.0 | 100.0 |   N/A |   N/A | 100.0 |  17.7
       Dungeon | 100.0 | 100.0 |   N/A |   N/A | 100.0 |  17.7
               +-------+-------+-------+-------+-------+----------------------

Table legend: (Time is in decaauts)
 A = Elapsed time spent in this place.
 B = Non-inter-level travel time spent in this place.
 C = Inter-level travel time spent in this place.
 D = Time resting spent in this place.
 E = Time spent auto-exploring this place.
 F = Levels seen in this place.
 G = Mean time per level.
                   A        B        C        D        E       F      G
               +--------+--------+--------+--------+--------+-----+--------+
         Total |    952 |    862 |     90 |     66 |    639 |   3 |  317.3 |
       Dungeon |    952 |    862 |     90 |     66 |    639 |   3 |  317.3 |
               +--------+--------+--------+--------+--------+-----+--------+

Top non-repeatable levels by time:
     D:1: 927 daAuts
     D:2: 21 daAuts
     D:3: 3 daAuts
